 Dungeon Crawl Stone Soup version 0.27-a0-1200-g94dc6ad4cf (webtiles) character file.

Game seed: 14825762725088517964

1010 Ancestrald the Ruffian (level 8, -4/66 HPs)
             Began as a Troll Warper on June 1, 2021.
             Was a Priest of Hepliaklqana.
             Killed from afar by an acid dragon (12 damage)
             ... with a splash of acid
             ... on level 6 of the Dungeon.
             The game lasted 00:37:48 (4675 turns).

Ancestrald the Ruffian (Troll Warper)               Turns: 4675, Time: 00:37:48

Health: -4/66      AC:  4    Str: 21    XL:     8   Next: 1%
Magic:  9/10       EV: 10    Int: 16    God:    Hepliaklqana [***...]
Gold:   220        SH:  0    Dex:  9    Spells: 7/11 levels left

rFire    . . .     SeeInvis .     - Unarmed
rCold    . . .     Faith    .   (no shield)
rNeg     . . .     Spirit   .   a - +0 robe
rPois    .         Reflect  .   (helmet restricted)
rElec    .         Harm     .   (no cloak)
rCorr    .         Rampage  .   (gloves unavailable)
Will     .....                  (boots unavailable)
Stlth    +.........             (no amulet)
HPRegen  1.21/turn              F - +6 ring of intelligence
MPRegen  0.12/turn              (no ring)

@: no status effects
A: reduced essence, large, unfitting armour, claws 3, regeneration 1, shaggy fur
1, tough skin 1
a: Renounce Religion, Recall Ancestor, Ancestor Identity, Transference


You were on level 6 of the Dungeon.
You worshipped Hepliaklqana.
Hepliaklqana was most pleased with you.
You visited 1 branch of the dungeon, and saw 6 of its levels.

You collected 220 gold pieces.

Inventory:

Hand Weapons
 j - a +2 spectral whip
 z - a +1 dagger of venom
 C - a +0 dagger of venom
 S - a +0 club
 T - a +0 dagger
 U - a +0 mace
 W - a +0 quarterstaff
 X - a +0 dagger
 Y - a +0 hunting sling
Missiles
 d - 4 boomerangs of dispersal
 e - 34 sling bullets
 f - 13 poisoned darts
 g - 174 stones
 y - 17 boomerangs (quivered)
 H - 18 arrows
 J - 19 bolts
Armour
 a - a +0 robe (worn)
 b - a +0 leather armour
 o - a +0 cloak
 s - a +0 leather armour
 x - a +0 chain mail
 D - a +0 ring mail
 G - a +0 leather armour
 I - a +0 buckler
 K - a +0 kite shield
 L - a +0 leather armour
 M - a +0 leather armour
 O - a +0 scale mail
 R - a +0 scale mail
 V - a +0 leather armour
Jewellery
 F - a +6 ring of intelligence (left claw)
Wands
 i - a wand of digging (6)
 k - a wand of iceblast (8)
Scrolls
 c - 2 scrolls of blinking
 h - a scroll of brand weapon
 u - a scroll of vulnerability
 B - 3 scrolls of teleportation
 E - 2 scrolls of amnesia
 P - a scroll of enchant armour
 Z - a scroll of identify
Potions
 m - a potion of mutation {unknown}
 n - 6 potions of curing
 t - 2 potions of degeneration {unknown}
 v - 2 potions of brilliance
 w - 2 potions of lignification {unknown}
 Q - a potion of cancellation {unknown}


   Skills:
 + Level 2.9 Fighting
 + Level 0.8 Throwing
 + Level 2.7 Dodging
 + Level 1.0 Stealth
 * Level 6.5 Unarmed Combat
 + Level 2.2 Spellcasting
 * Level 3.6 Translocations
 + Level 0.2 Transmutations
 + Level 0.4 Earth Magic


You had 7 spell levels left.
You knew the following spells:

 Your Spells              Type           Power      Damage    Failure   Level
a - Blink                 Tloc           N/A        N/A       7%          2
b - Passwall              Tmut/Erth      1%         N/A       26%         2

Your spell library contained the following spells:

 Spells                   Type           Power      Damage    Failure   Level
 Gell's Gravitas          Tloc           6%         N/A       14%         3
 Lesser Beckoning         Tloc           6%         N/A       14%         3
 Teleport Other           Tloc           13%        N/A       14%         3
 Sandblast                Erth           6%         2d5       17%         1
 Beastly Appendage        Tmut           4%         N/A       19%         1
 Animate Skeleton         Necr           2%         N/A       21%         1
 Pain                     Necr           4%         1d4       21%         1
 Wereblood                Tmut           2%         N/A       28%         2
 Spider Form              Tmut/Pois      1%         N/A       50%         3
 Stone Arrow              Conj/Erth      4%         3d7       50%         3
 Vampiric Draining        Necr           0%         2d6       52%         3
 Manifold Assault         Tloc           13%        N/A       77%         5
 Petrify                  Tmut/Erth      2%         N/A       87%         4
 Ice Form                 Ice/Tmut       2%         N/A       88%         4
 Animate Dead             Necr           0%         N/A       90%         4
 Agony                    Necr           1%         N/A       99%         5
 Hydra Form               Tmut           1%         N/A       99%         5
 Lee's Rapid Deconstruct  Erth           1%         3d5*      99%         5


Dungeon Overview and Level Annotations

Branches:
Dungeon (6/15)
 Temple: D:4-7

Altars:
Hepliaklqana


Innate Abilities, Weirdness & Mutations

Your life essence is reduced to manifest your ancestor. (-10% HP)
You are too large for most types of armour.
You have claws for hands.
Your natural rate of healing is unusually fast.
You are covered in fur. (AC +1)
You have tough skin. (AC +1)


Message History

You are too injured to fight recklessly!
Khenut hits the necrophage with a +0 quarterstaff!
The necrophage is destroyed!
Your life force feels restored.
Your Stealth skill increases to level 1!
You have reached level 8!
The adder barely misses Khenut.
Khenut hits the adder with a +0 quarterstaff!
The adder barely misses Khenut.
The adder bites Khenut.
Khenut points at the adder and mumbles some strange words.
The stone arrow hits the adder!!
The adder dies!
The acid dragon spits acid at you. The splash of acid hits you!
* * * LOW HITPOINT WARNING * * *
You are splashed with acid!
* * * LOW HITPOINT WARNING * * *
The iguana barely misses something.
The iguana bites something.
Khenut has departed this plane of existence.
The acid dragon spits acid at you. The splash of acid misses you.
Casting: Passwall (dangerous; 26% risk of failure)
Confirm with . or Enter, or press ? or * to list all spells.
You don't know that spell.
Unknown command.
Casting: Passwall (dangerous; 26% risk of failure)
Confirm with . or Enter, or press ? or * to list all spells.
Aiming: Passwall (dangerous; 26% risk of failure)
Press: ? - help, Dir - move target You can't see that place. [the floor.]
You begin to meditate on the wall.
You continue meditating on the rock. x2
The acid dragon bites you!
* * * LOW HITPOINT WARNING * * *
The acid dragon barely misses you. The iguana closely misses you.
You finish merging with the rock.
The acid dragon spits acid at you. The splash of acid hits you!
You die...

#.#$..........#
#.#...........#
..[.....?....#
#.......(....###
#.......[......
#............####
#..†.......<....#
#.......#@#
#.......#.#
#.....l.#.#
###.###.#.#
#..##D#.#
##.##.#.#
#....D.#
#####...###
#.......##


You could see an acid dragon (catching breath).

Vanquished Creatures
  A phantom (D:5)
  A scorpion (D:5)
  A wyvern zombie (D:6)
  The ghost of iamserjio the Digger, a weakling OpEE (D:3)
  A hound (D:4)
  A jelly (D:6)
  A centaur skeleton (D:6)
  2 iguanas
  A gnoll (D:5)
  An adder (D:2)
  A worm (D:2)
  6 dart slugs
  8 orcs
  4 ball pythons
  2 bats
  6 endoplasms
  A giant cockroach (D:1)
  9 goblins
  7 hobgoblins
  5 jackals (D:1)
  5 quokkas
  2 frilled lizards (D:1)
  4 kobolds
  3 rats
74 creatures vanquished.

Vanquished Creatures (collateral kills)
  The ghost of Froggeryz the Cudgeller, an amateur BaFi (D:4)
  A necrophage (D:6)
  A gnoll sergeant (D:5)
  2 hounds (D:5)
  A bullfrog skeleton (D:6)
  An iguana (D:5)
  An orc wizard (D:3)
  A hound skeleton (D:2)
  5 adders
  4 gnolls (D:5)
  A white imp (D:4)
  5 orcs
  2 ball pythons
  2 endoplasms
  A goblin (D:2)
  3 hobgoblins
  A quokka (D:3)
  2 bats (D:2)
  A kobold (D:2)
  A quokka skeleton (D:4)
  A rat (D:2)
38 creatures vanquished.

Vanquished Creatures (others)
  2 battlemagi
  2 withered plants (D:4)
4 creatures vanquished.

Grand Total: 116 creatures vanquished

Notes
Turn   | Place    | Note
-------+----------+-------------------------------------------
     0 | D:1      | Ancestrald the Troll Warper began the quest for the Orb.
     0 | D:1      | Reached XP level 1. HP: 19/19 MP: 1/1
    17 | D:1      | Found a faded altar of an unknown god.
    59 | D:1      | Became a worshipper of Hepliaklqana the Forgotten
    59 | D:1      | Reached * piety under Hepliaklqana
   110 | D:1      | Reached XP level 2. HP: 16/25 MP: 2/2
   389 | D:1      | Reached XP level 3. HP: 31/31 MP: 3/3
  1208 | D:2      | Reached skill level 3 in Unarmed Combat
  1250 | D:2      | Reached XP level 4. HP: 35/37 MP: 5/5
  1424 | D:2      | Reached ** piety under Hepliaklqana
  1452 | D:2      | Remembered your ancestor Khenut as a battlemage
  1674 | D:3      | Learned a level 2 spell: Blink
  1804 | D:3      | Found a runed translucent door.
  1804 | D:3      | Noticed iamserjio's ghost (weakling OpEE)
  1845 | D:3      | Killed iamserjio's ghost
  1846 | D:3      | Reached skill level 4 in Unarmed Combat
  1846 | D:3      | Reached XP level 5. HP: 35/44 MP: 6/6
  2633 | D:3      | Learned a level 2 spell: Passwall
  2788 | D:4      | Reached *** piety under Hepliaklqana
  3082 | D:4      | Reached XP level 6. HP: 41/51 MP: 7/7
  3585 | D:4      | Found a runed translucent door.
  3585 | D:4      | Noticed Froggeryz's ghost (amateur BaFi)
  3596 | D:4      | Killed Froggeryz's ghost
  3597 | D:4      | Reached skill level 5 in Unarmed Combat
  3626 | D:5      | Entered Level 5 of the Dungeon
  3777 | D:5      | Reached XP level 7. HP: 55/56 MP: 9/9
  4027 | D:5      | Reached skill level 6 in Unarmed Combat
  4658 | D:6      | Reached skill level 1 in Stealth
  4658 | D:6      | Reached XP level 8. HP: 23/66 MP: 10/10
  4661 | D:6      | HP: 1/66 [acid (15)]
  4670 | D:6      | HP: 2/66 [acid dragon (10)]
  4675 | D:6      | Killed from afar by an acid dragon

Illustrated notes

Levels and vault maps discovered:
D:1:      dpeg_arrival_pond, layout_basic, hellmonk_ecumenical_altar_dog_temple
D:2:      layout_rooms, minmay_tromino_i2
D:3:      layout_basic, hellmonk_ghost_happy_afterlife, chequers_garden,
          due_unseen_surprise
D:4:      layout_loops_ring, gammafunk_ghost_grave, minmay_misc_feat_enclosed,
          st_stairs_1, feat_on_display
D:5:      layout_layer_cave, kennysheep_decorative_pillar
D:6:      layout_basic, slow_altar_1

Skill      XL: |  1  2  3  4  5  6  7 |
---------------+----------------------+-----
Dodging        | 2 |  2.7
Unarmed Combat | 3 4 5 6 |  6.5
Translocations | 3 |  3.6
Spellcasting   | 2 |  2.2
Fighting       | 2 |  2.9
Stealth        | 1 |  1.0
Throwing       | |  0.8
Transmutations | |  0.2
Earth Magic    | |  0.4

Action                   |  1- 3 |  4- 6 |  7- 9 || total
-------------------------+-------+-------+-------++-------
Melee: Unarmed           |    91 |   115 |    37 ||   243
       Punch             |       |     1 |       ||     1
Throw: Boomerang         |     1 |       |       ||     1
 Cast: Blink             |       |    10 |       ||    10
       Passwall          |       |     4 |     1 ||     5
Invok: Recall Ancestor   |     2 |       |       ||     2
       Ancestor Identity |     1 |       |       ||     1
       Ancestor Life: Ba |       |     1 |       ||     1
  Use: Scroll            |       |     8 |       ||     8
 Stab: Sleeping          |       |     1 |       ||     1
Armor: Robe              |    31 |    26 |     8 ||    65
Dodge: Dodged            |    45 |    45 |    24 ||   114

Table legend: (Time is in decaauts)
 A = Elapsed time spent in this place.
 B = Non-inter-level travel time spent in this place.
 C = Inter-level travel time spent in this place.
 D = Time resting spent in this place.
 E = Time spent auto-exploring this place.
 F = Levels seen in this place.
 G = Mean time per level.
                   A        B        C        D        E       F      G
               +--------+--------+--------+--------+--------+-----+--------+
         Total |   4655 |   4620 |     35 |    168 |   2513 |   6 |  775.8 |
       Dungeon |   4655 |   4620 |     35 |    168 |   2513 |   6 |  775.8 |
               +--------+--------+--------+--------+--------+-----+--------+

Top non-repeatable levels by time:
     D:3: 1115 daAuts
     D:1: 1082 daAuts
     D:4: 889 daAuts
     D:5: 853 daAuts
     D:2: 525 daAuts
     D:6: 190 daAuts
